[Event "Titled Tuesday Blitz July 25 Early 2023"]
[White "Kuznetsov, Felix"]
[Black "SmirnovAlexandrA"]
[WhiteFideId "34147990"]
[WhiteElo "2706"]
[BlackElo "2448"]
[Result "1-0"]
[Round "4"]
[TimeControl "180+2"]
[Date "2023.07.25"]
[WhiteClock "0:00:59"]
[BlackClock "0:01:18"]
[Board "119"]

1. e4 d5 2. exd5 Qxd5 3. Nc3 Qd6 4. Nf3 Nf6 5. d4 a6 6. g3 Nc6 7. Bf4 Qb4 8. Qd2 Bg4 9. Bg2 O-O-O 10. a3 Qb6 11. O-O Bxf3 12. Bxf3 Nxd4 13. Qe3 Nxf3+ 14. Qxf3 e6 15. Rad1 Bd6 16. Bg5 Be7 17. Be3 Bc5 18. Na4 Bxe3 19. Nxb6+ Bxb6 20. Rxd8+ Rxd8 21. Rd1 Rxd1+ 22. Qxd1 Bc5 23. Kg2 Bd6 24. Qd3 h6 25. h4 Kd7 26. c4 Ke7 27. b4 c5 28. Qf3 b6 29. Qb7+ Nd7 30. bxc5 Bxc5 31. Qxa6 g5 32. h5 e5 33. a4 f5 34. a5 f4 35. axb6 Nxb6 36. Qb7+ Kd6 37. Qh7 Nxc4 38. Qd3+ 1-0


[Site "https://www.chess.com"]

[Event "Titled Tuesday Blitz July 25 Early 2023"]
[White "Mohammad Fahad, Rahman"]
[Black "Valgmae, Toomas"]
[WhiteFideId "10207791"]
[BlackFideId "4502523"]
[WhiteElo "2672"]
[BlackElo "2429"]
[Result "1-0"]
[Round "4"]
[TimeControl "180+2"]
[Date "2023.07.25"]
[WhiteClock "0:00:17"]
[BlackClock "0:00:07"]
[Board "120"]

1. b3 e5 2. Bb2 Nc6 3. e3 a6 4. d4 exd4 5. exd4 d5 6. c4 Nf6 7. Nc3 Be7 8. Nf3 O-O 9. cxd5 Nxd5 10. Bc4 Be6 11. O-O Ncb4 12. Ne4 Nf4 13. Qd2 Nbd5 14. Nc5 Bc8 15. Rfe1 b6 16. Nd3 Nxd3 17. Qxd3 Be6 18. Ne5 b5 19. Bxd5 Qxd5 20. Rac1 Rfc8 21. Nc6 Bf6 22. Qg3 a5 23. Rc5 Qd6 24. Ne5 b4 25. h4 a4 26. Rec1 axb3 27. axb3 h6 28. f4 Ra2 29. R1c2 Rca8 30. Kh2 R8a7 31. d5 Bxd5 32. Nc4 Bxc4 33. Bxf6 Qxf6 34. R2xc4 Qd6 35. Rc6 Qd7 36. f5 Qxf5 37. Rg4 g6 38. Rd4 Ra1 39. Rd8+ Kg7 40. Qe3 Qf6 41. Rxf6 Kxf6 42. Qd4+ Ke7 43. Rd7+ Ke8 44. Rd8+ Ke7 45. Qd7+ Kf6 46. Rf8 c5 47. Rxf7+ Ke5 48. Re7+ Kf4 49. g3+ Kf3 50. Qd3+ Kf2 51. Re2+ Kf1 52. Qf3# 1-0


[Site "https://www.chess.com"]

[Event "Titled Tuesday Blitz July 25 Early 2023"]
[White "brm72"]
[Black "Rosh Jain"]
[BlackFideId "25789465"]
[WhiteElo "2658"]
[BlackElo "2438"]
[Result "1-0"]
[Round "4"]
[TimeControl "180+2"]
[Date "2023.07.25"]
[WhiteClock "0:00:30"]
[BlackClock "0:00:24"]
[Board "121"]

1. e4 c5 2. Nf3 d6 3. d4 cxd4 4. Nxd4 Nf6 5. Nc3 a6 6. f3 e5 7. Nb3 Be7 8. Be3 Be6 9. Qd2 h5 10. O-O-O Nbd7 11. Kb1 Rc8 12. h3 h4 13. Bd3 b5 14. f4 exf4 15. Bxf4 Ne5 16. Nd4 b4 17. Nd5 Bxd5 18. exd5 Nxd5 19. Bxa6 Rc5 20. Bxe5 dxe5 21. Bb5+ Kf8 22. Nc6 Qb6 23. Nxe7 Kxe7 24. Qg5+ Kf8 25. Ba4 f6 26. Qg6 Qe6 27. Bb3 Qc6 28. Rd3 Rh6 29. Qf5 g6 30. Qf2 f5 31. Rhd1 Nf6 32. Rd6 1-0


[Site "https://www.chess.com"]

[Event "Titled Tuesday Blitz July 25 Early 2023"]
[White "Sagita, Catur Adi"]
[Black "Cheer_Down"]
[WhiteFideId "7104618"]
[WhiteElo "2646"]
[BlackElo "2428"]
[Result "0-1"]
[Round "4"]
[TimeControl "180+2"]
[Date "2023.07.25"]
[WhiteClock "0:00:20"]
[BlackClock "0:00:10"]
[Board "122"]

1. e4 c5 2. Nf3 d6 3. d4 cxd4 4. Nxd4 Nf6 5. Nc3 a6 6. Bg5 e6 7. f4 h6 8. Bxf6 Qxf6 9. Qd2 Nc6 10. Nxc6 bxc6 11. O-O-O Qd8 12. Bc4 d5 13. exd5 cxd5 14. Nxd5 Bc5 15. Qc3 O-O 16. Ne3 Qb6 17. Ng4 Bb7 18. Kb1 Bxg2 19. Rhg1 Bxg1 20. Qg3 Kh8 21. Qxg2 Bc5 22. Bd3 Bd4 23. b3 f5 24. Ne5 Bxe5 25. fxe5 Rad8 26. Rg1 Rf7 27. Qg6 Rfd7 28. Rf1 a5 29. Rxf5 Rxd3 30. cxd3 Qe3 31. Rf1 Qxe5 32. Qe4 Qxe4 33. dxe4 Rd2 34. a3 Rxh2 35. b4 axb4 36. axb4 Re2 37. Rf4 e5 38. Rh4 Kh7 39. b5 Rd2 40. Rh3 Rd6 41. Kc2 g5 42. Kc3 g4 43. Rd3 Rb6 44. Kc4 h5 45. Kc5 Rb8 46. Rb3 Kg6 47. Kd5 Kf6 48. Rb1 g3 49. Rf1+ Kg5 50. Rb1 h4 51. Kxe5 Kg4 52. Kd6 g2 53. Kc7 Rg8 54. b6 h3 55. e5 h2 56. e6 g1=Q 57. Rb4+ Kf5 58. Rc4 Qf1 59. Rc6 h1=Q 60. b7 Qxc6+ 61. Kxc6 Kxe6 62. Kc7 Qc4+ 63. Kb6 Qb4+ 64. Kc7 Qc5# 0-1


[Site "https://www.chess.com"]

[Event "Titled Tuesday Blitz July 25 Early 2023"]
[White "Goryachkina, Aleksandra"]
[Black "ZugZwang1201"]
[WhiteFideId "4147103"]
[WhiteElo "2641"]
[BlackElo "2422"]
[Result "0-1"]
[Round "4"]
[TimeControl "180+2"]
[Date "2023.07.25"]
[WhiteClock "0:00:03"]
[BlackClock "0:01:00"]
[Board "123"]

1. e4 c5 2. Nf3 e6 3. d4 cxd4 4. Nxd4 a6 5. Bd3 Qc7 6. O-O Nf6 7. c4 Be7 8. Nc3 d6 9. Be3 Nbd7 10. Rc1 h5 11. f3 h4 12. h3 Nh5 13. Nde2 g5 14. Qd2 Rg8 15. b4 Ne5 16. Na4 Bd7 17. Nb6 Rd8 18. a4 Kf8 19. a5 Be8 20. Bb1 Rg6 21. Qb2 Kg7 22. Bd4 Bf6 23. Rfd1 Kh6 24. Qd2 Bd7 25. Qe3 Rdg8 26. c5 Bb5 27. cxd6 Qxd6 28. Bxe5 Qxe5 29. Rc5 Qb2 30. Nc4 Qxb4 31. e5 Be7 32. Rxb5 axb5 33. Nd6 f5 34. Nxb7 Nf4 35. Kh1 Qb2 36. Nd4 Qxg2# 0-1


[Site "https://www.chess.com"]

[Event "Titled Tuesday Blitz July 25 Early 2023"]
[White "Haraguchi, Diego Sashaki"]
[Black "Arat, Ufuk Sezen"]
[WhiteFideId "22729925"]
[BlackFideId "6309089"]
[WhiteElo "2402"]
[BlackElo "2620"]
[Result "0-1"]
[Round "4"]
[TimeControl "180+2"]
[Date "2023.07.25"]
[WhiteClock "0:00:24"]
[BlackClock "0:02:00"]
[Board "124"]

1. d4 Nf6 2. c4 e6 3. Nf3 b6 4. g3 Bb7 5. Bg2 Be7 6. O-O O-O 7. Nc3 Ne4 8. Qc2 Nxc3 9. Qxc3 c5 10. dxc5 bxc5 11. Rd1 Nc6 12. Ne5 Nd4 13. Qd3 Bxg2 14. Kxg2 Qc7 15. Nf3 Qc6 16. e4 f5 17. Nxd4 cxd4 18. Qxd4 Bc5 19. Qxd7 Qxe4+ 20. Kg1 f4 21. Bxf4 Rxf4 22. gxf4 Rf8 23. Qd3 Qxf4 24. Rd2 Rf5 25. Kh1 Rh5 26. h3 Qg4 27. Kh2 Bd6+ 0-1


[Site "https://www.chess.com"]

[Event "Titled Tuesday Blitz July 25 Early 2023"]
[White "Arabidze, Meri"]
[Black "Mejia, Cherry Ann"]
[WhiteFideId "13604040"]
[BlackFideId "5206880"]
[WhiteElo "2608"]
[BlackElo "2390"]
[Result "1-0"]
[Round "4"]
[TimeControl "180+2"]
[Date "2023.07.25"]
[WhiteClock "0:00:51"]
[BlackClock "0:00:25"]
[Board "125"]

1. d4 d5 2. Nf3 Nf6 3. c4 dxc4 4. e3 a6 5. Bxc4 e6 6. O-O c5 7. b3 b5 8. Be2 Bb7 9. a4 b4 10. Nbd2 Nbd7 11. Nc4 cxd4 12. Nxd4 Rc8 13. Bb2 Be7 14. a5 O-O 15. f3 Nd5 16. Qd2 Nc5 17. Bd1 Bf6 18. Bc2 Qc7 19. Rfe1 Rfd8 20. Qf2 e5 21. Nf5 g6 22. Nh6+ Kg7 23. Ng4 Nc3 24. Nxf6 Kxf6 25. Nb6 Rb8 26. Qh4+ Kg7 27. Qxb4 Nd5 28. Qh4 Nb4 29. Qxb4 1-0


[Site "https://www.chess.com"]

[Event "Titled Tuesday Blitz July 25 Early 2023"]
[White "Gamayev, Oleg"]
[Black "Bellissimo, Joseph F."]
[WhiteFideId "2802813"]
[BlackFideId "2609843"]
[WhiteElo "2586"]
[BlackElo "2369"]
[Result "1-0"]
[Round "4"]
[TimeControl "180+2"]
[Date "2023.07.25"]
[WhiteClock "0:01:29"]
[BlackClock "0:00:14"]
[Board "126"]

1. d3 e5 2. e4 d5 3. Nf3 dxe4 4. dxe4 Qxd1+ 5. Kxd1 Nc6 6. Nfd2 Be6 7. f3 O-O-O 8. c3 f5 9. Kc2 fxe4 10. Nxe4 Nf6 11. Nbd2 Be7 12. Bc4 Bf5 13. Bd3 Nd5 14. Nd6+ Rxd6 15. Bxf5+ Kb8 16. Be4 Ne3+ 17. Kb3 Na5+ 18. Ka4 Ra6 19. b4 Nac4+ 20. Kb3 b5 21. Nxc4 Nxc4 22. a4 c6 23. Ra2 Rd8 24. axb5 Rxa2 25. Kxa2 cxb5 26. Kb3 h6 27. Kc2 Kc7 28. Re1 Kb6 29. Bd3 Bf6 30. Bxc4 bxc4 31. Be3+ Kb5 32. Ra1 Rd3 33. Ra5+ Kc6 34. Bd2 Rd7 35. Rc5+ Kb7 36. Rxc4 a6 37. Re4 Kb6 38. Be3+ Kb5 39. Bd2 Ka4 40. Re1 Kb5 41. Ra1 Rc7 42. Ra5+ Kb6 43. Be3+ Kb7 44. Kb3 Rd7 45. b5 axb5 46. Rxb5+ Kc6 47. Rc5+ Kb7 48. Kc2 Rd8 49. Rb5+ Kc6 50. Rb4 Ra8 51. Rb6+ Kc7 52. Rb4 Ra2+ 53. Rb2 Ra1 54. h3 Re1 55. Kd3 Kc6 56. Re2 Rd1+ 57. Ke4 Ra1 58. Bf2 Kd7 59. Bg3 Ke6 60. Rc2 Ra4+ 61. c4 Kd6 62. Bf2 Kc6 63. Be3 Ra1 64. Rb2 Re1 65. Rb6+ Kc7 66. Ra6 Bg5 67. Ra3 Re2 68. Rd3 Bxe3 69. Rxe3 Rxg2 70. Kxe5 Rc2 71. Re4 Kd7 72. Rg4 Kc7 73. Rxg7+ Kc6 74. Rg6+ Kc5 75. Rxh6 Rxc4 76. f4 Rc1 77. f5 Re1+ 78. Kf6 Kd6 79. Rh8 Re8 80. Rxe8 1-0


[Site "https://www.chess.com"]

[Event "Titled Tuesday Blitz July 25 Early 2023"]
[White "Slavin, Alexey"]
[Black "Sadykov, Ramil"]
[WhiteFideId "24104388"]
[BlackFideId "24113590"]
[WhiteElo "2362"]
[BlackElo "2582"]
[Result "1/2-1/2"]
[Round "4"]
[TimeControl "180+2"]
[Date "2023.07.25"]
[WhiteClock "0:00:58"]
[BlackClock "0:00:05"]
[Board "127"]

1. e4 c5 2. g3 Nc6 3. Bg2 g6 4. Ne2 Bg7 5. O-O e6 6. Nbc3 Nge7 7. a3 O-O 8. Rb1 d5 9. exd5 exd5 10. b4 d4 11. Ne4 c4 12. d3 c3 13. Bf4 Nd5 14. Bg5 f6 15. Bc1 f5 16. Ng5 h6 17. Nf3 b5 18. a4 a6 19. axb5 axb5 20. Nf4 Nxf4 21. Bxf4 Bb7 22. Re1 g5 23. Be5 Nxe5 24. Nxe5 Bxg2 25. Kxg2 g4 26. f4 Qd5+ 27. Kg1 Rfe8 28. Ra1 Ra4 29. Rxa4 bxa4 30. Qa1 Ra8 31. Qa3 Bf8 32. Nc4 Qb5 33. Qa2 Kg7 34. Re5 Qxb4 35. Rxf5 Ra7 36. Ne5 Qb2 37. Rf7+ Kg8 38. Qe6 Qc1+ 39. Kf2 Qxc2+ 40. Kg1 Qd1+ 41. Kf2 Qd2+ 42. Kg1 Qd1+ 43. Kf2 Qd2+ 44. Kg1 Qd1+ 1/2-1/2


[Site "https://www.chess.com"]

[Event "Titled Tuesday Blitz July 25 Early 2023"]
[White "Wernberg, Hugo"]
[Black "NovoselovRoman"]
[WhiteFideId "1737511"]
[WhiteElo "2348"]
[BlackElo "2573"]
[Result "0-1"]
[Round "4"]
[TimeControl "180+2"]
[Date "2023.07.25"]
[WhiteClock "0:00:01"]
[BlackClock "0:00:28"]
[Board "128"]

1. d4 d5 2. c4 e6 3. Nf3 Nf6 4. g3 c5 5. cxd5 exd5 6. Bg2 Nc6 7. O-O Be7 8. Nc3 O-O 9. Bg5 Be6 10. e3 Rc8 11. Qb3 Na5 12. Qc2 Nc4 13. Rfd1 cxd4 14. Nxd4 Bg4 15. f3 Bh5 16. e4 dxe4 17. fxe4 h6 18. Bf4 Bc5 19. Nb5 Bxd1 20. Rxd1 a6 21. Qxc4 axb5 22. Qd3 Bxd4+ 23. Qxd4 Qxd4+ 24. Rxd4 Rfd8 25. Rb4 Rc2 26. e5 Rd1+ 27. Bf1 Ng4 28. Rxb5 Nxh2 0-1


[Site "https://www.chess.com"]

[Event "Titled Tuesday Blitz July 25 Early 2023"]
[White "chessmateto"]
[Black "Filgueira, Hernan"]
[BlackFideId "101770"]
[WhiteElo "2347"]
[BlackElo "2569"]
[Result "0-1"]
[Round "4"]
[TimeControl "180+2"]
[Date "2023.07.25"]
[WhiteClock "0:00:39"]
[BlackClock "0:01:06"]
[Board "129"]

1. c4 e5 2. Nc3 Nf6 3. g3 Bb4 4. Qc2 O-O 5. Bg2 c6 6. Nf3 Re8 7. O-O h6 8. d4 e4 9. Nd2 d5 10. a3 Bf8 11. Rd1 Ng4 12. Nf1 f5 13. h3 Nf6 14. Bf4 Nbd7 15. cxd5 Nxd5 16. Nxd5 cxd5 17. Ne3 Nf6 18. Be5 Be6 19. Qb3 Nd7 20. Nxd5 Nb6 0-1


[Site "https://www.chess.com"]

[Event "Titled Tuesday Blitz July 25 Early 2023"]
[White "Gavarrete, Nahun"]
[Black "Garv Gaur"]
[WhiteFideId "8400709"]
[BlackFideId "45030839"]
[WhiteElo "2346"]
[BlackElo "2563"]
[Result "1-0"]
[Round "4"]
[TimeControl "180+2"]
[Date "2023.07.25"]
[WhiteClock "0:00:34"]
[BlackClock "0:00:03"]
[Board "130"]

1. d4 Nf6 2. Nf3 e6 3. c4 b6 4. Nc3 Bb7 5. Qc2 d5 6. Bg5 Nbd7 7. e3 Be7 8. Bd3 h6 9. Bh4 O-O 10. cxd5 exd5 11. g4 Nxg4 12. Rg1 Nxe3 13. fxe3 Bxh4+ 14. Nxh4 Qxh4+ 15. Rg3 Qh5 16. Qg2 Kh8 17. Rh3 Qxh3 18. Qxh3 Nf6 19. Kd2 Bc8 20. Qh4 Be6 21. Rf1 Ng8 22. e4 dxe4 23. Qxe4 g6 24. Qe5+ Kh7 25. Bxg6+ fxg6 26. Rxf8 Rxf8 27. Qxe6 Kg7 28. Ne4 Rf7 29. h4 Re7 30. Qd5 Rf7 31. h5 g5 32. Ng3 Ne7 33. Qe5+ Kg8 34. Ne4 c6 35. Nd6 Rf2+ 36. Ke1 Rf7 37. Nxf7 Kxf7 38. Qc7 Ke6 39. Qxa7 b5 40. Qc5 Kf6 41. Qd6+ Kf7 42. Qxh6 Nf5 43. Qg6+ 1-0


[Site "https://www.chess.com"]

[Event "Titled Tuesday Blitz July 25 Early 2023"]
[White "Szente Varga, Fruzsina"]
[Black "Eynullayev, Altay"]
[WhiteFideId "712264"]
[BlackFideId "13413562"]
[WhiteElo "2315"]
[BlackElo "2557"]
[Result "1-0"]
[Round "4"]
[TimeControl "180+2"]
[Date "2023.07.25"]
[WhiteClock "0:00:09"]
[BlackClock "0:00:06"]
[Board "131"]

1. e4 c5 2. Nf3 d6 3. d4 cxd4 4. Qxd4 Nc6 5. Bb5 a6 6. Bxc6+ bxc6 7. c4 e5 8. Qd3 Be7 9. Nc3 Be6 10. b3 Qc7 11. Ba3 Nf6 12. O-O O-O 13. Rad1 Rae8 14. Bxd6 Bxd6 15. Qxd6 Qa5 16. Qd2 Qc7 17. h3 Rd8 18. Qe3 Qa5 19. Na4 Nd7 20. Qc3 Qxc3 21. Nxc3 f6 22. Rd6 Nc5 23. Rxc6 Rc8 24. Rxc8 Rxc8 25. Rd1 Kf7 26. Kf1 g5 27. Ke2 h5 28. Ke3 g4 29. hxg4 hxg4 30. Nh4 g3 31. f4 exf4+ 32. Kxf4 Rg8 33. Nf5 Rg5 34. Nxg3 Rg4+ 35. Kf3 Rg5 36. Kf2 a5 37. Rd6 Nd7 38. Ra6 Ne5 39. Nd5 Nd3+ 40. Kf3 Ne5+ 41. Kf4 Rg4+ 42. Ke3 Rxg3+ 43. Kd4 Rd3+ 44. Kc5 Nd7+ 45. Kd6 Rd2 46. Rxa5 Rxg2 47. Nf4 Rd2+ 48. Nd5 Ne5 49. Ra7+ Nd7 50. Rxd7+ Bxd7 51. Kxd7 Rxa2 52. b4 Ra7+ 53. Kd6 Ke8 54. b5 Rd7+ 55. Kc5 Kd8 56. b6 Kc8 57. Nxf6 Rf7 58. Nd5 Rf1 59. e5 Re1 60. Kd6 Rh1 61. c5 Rh6+ 62. e6 Kb7 63. Kd7 Rh5 64. c6+ Ka6 65. Kd6 Rh6 66. b7 Ka7 67. Kc7 Rh7+ 68. e7 Rxe7+ 69. Nxe7 Ka6 70. b8=Q Ka5 71. Qb6+ Ka4 72. Nd5 Ka3 73. Qb4+ Ka2 74. Nc3+ Ka1 75. Qb1# 1-0


[Site "https://www.chess.com"]

[Event "Titled Tuesday Blitz July 25 Early 2023"]
[White "Fernandez Siles, Luis"]
[Black "FoxOnTheRun97"]
[WhiteFideId "2209420"]
[WhiteElo "2306"]
[BlackElo "2550"]
[Result "1-0"]
[Round "4"]
[TimeControl "180+2"]
[Date "2023.07.25"]
[WhiteClock "0:00:18"]
[BlackClock "0:00:12"]
[Board "132"]

1. e4 c6 2. d4 d5 3. exd5 cxd5 4. c4 Nf6 5. Nc3 g6 6. cxd5 Nxd5 7. Qb3 Nb6 8. Nf3 Bg7 9. Be3 O-O 10. Be2 Be6 11. Qb5 Qd7 12. Qg5 Nc6 13. Rd1 Nd5 14. Qh4 Rfe8 15. Ng5 Nxe3 16. Qxh7+ Kf8 17. fxe3 Bg4 18. O-O Bf5 19. e4 e6 20. exf5 exf5 21. Bc4 Re7 22. Nd5 Rae8 23. Nf4 Qd6 24. Nxg6+ Qxg6 25. Qxg6 fxg6 26. Nh7# 1-0


[Site "https://www.chess.com"]

[Event "Titled Tuesday Blitz July 25 Early 2023"]
[White "Atanasov, Radislav"]
[Black "Ambartsumova, Karina"]
[WhiteFideId "2901471"]
[BlackFideId "4166299"]
[WhiteElo "2261"]
[BlackElo "2547"]
[Result "0-1"]
[Round "4"]
[TimeControl "180+2"]
[Date "2023.07.25"]
[WhiteClock "0:00:03"]
[BlackClock "0:00:29"]
[Board "133"]

1. e4 c5 2. c3 d5 3. exd5 Qxd5 4. d4 Nc6 5. Nf3 Bf5 6. Be2 e6 7. O-O Nf6 8. Be3 cxd4 9. cxd4 Bxb1 10. Qxb1 Be7 11. a3 O-O 12. Qd3 Rfd8 13. Rad1 a6 14. h3 Rac8 15. Rfe1 h6 16. Bc1 b5 17. Bf4 Na5 18. Ne5 Qb3 19. Qb1 Nc4 20. Nxc4 bxc4 21. Bf3 c3 22. bxc3 Qxb1 23. Rxb1 Rxc3 24. Rb6 Rxa3 25. Bc7 Rxd4 26. Be5 Rb4 27. Rc6 Rb5 28. Bc3 Rc5 29. Rxc5 Bxc5 30. Rc1 Ra2 31. Bxf6 Bxf2+ 32. Kf1 gxf6 33. Rc8+ Kg7 34. Rc7 Bg3 35. Be2 Bxc7 0-1


[Site "https://www.chess.com"]

[Event "Titled Tuesday Blitz July 25 Early 2023"]
[White "Ruge, Edison"]
[Black "Korelskiy, Egor"]
[WhiteFideId "4401000"]
[BlackFideId "34329064"]
[WhiteElo "2219"]
[BlackElo "2506"]
[Result "1-0"]
[Round "4"]
[TimeControl "180+2"]
[Date "2023.07.25"]
[WhiteClock "0:00:15"]
[BlackClock "0:00:01"]
[Board "134"]

1. e4 c5 2. Nf3 e6 3. d3 d5 4. Nbd2 Nc6 5. g3 g6 6. Bg2 Bg7 7. h4 h6 8. h5 g5 9. O-O Nge7 10. Re1 O-O 11. Nh2 dxe4 12. dxe4 e5 13. c3 b6 14. Qe2 a5 15. Nc4 Ba6 16. Bf1 a4 17. Qf3 Bb7 18. Ng4 f5 19. exf5 Nxf5 20. Qh1 Qc7 21. Bg2 Rae8 22. Nce3 Nxe3 23. Bxe3 e4 24. Rad1 Bc8 25. Nh2 Bf5 26. Rd5 Be6 27. Bxe4 Ne5 28. Rdd1 Bxa2 29. Bd5+ Bxd5 30. Qxd5+ Kh8 31. Qg2 Qf7 32. f4 gxf4 33. Bxf4 Nc4 34. Rxe8 Rxe8 35. Rf1 Qxh5 36. Qc6 Qe2 37. Nf3 Qe6 38. Qxa4 Nxb2 39. Qb5 Bxc3 40. Bxh6 1-0


[Site "https://www.chess.com"]

[Event "Titled Tuesday Blitz July 25 Early 2023"]
[White "Thiel, Thomas"]
[Black "Tikhonov, Viacheslav"]
[WhiteFideId "4615964"]
[BlackFideId "44196407"]
[WhiteElo "2256"]
[BlackElo "2503"]
[Result "1-0"]
[Round "4"]
[TimeControl "180+2"]
[Date "2023.07.25"]
[WhiteClock "0:01:40"]
[BlackClock "0:00:08"]
[Board "135"]

1. e4 c5 2. Nc3 g6 3. d4 cxd4 4. Qxd4 Nf6 5. Be3 Nc6 6. Qd2 Bg7 7. f3 O-O 8. Nge2 d6 9. Nf4 Bd7 10. h4 Qa5 11. O-O-O Rfc8 12. Kb1 b5 13. Ncd5 Qxd2 14. Rxd2 Rab8 15. Nxf6+ Bxf6 16. Nd5 Bg7 17. h5 Be6 18. hxg6 hxg6 19. Bg5 Rb7 20. g4 Bxd5 21. Rxd5 Ne5 22. Be2 Nc4 23. Bxc4 bxc4 24. b3 cxb3 25. axb3 Rc6 26. Be3 Ra6 27. Bd4 e6 28. Bxg7 exd5 29. Bf6 Kf8 30. Rh8# 1-0


[Site "https://www.chess.com"]

[Event "Titled Tuesday Blitz July 25 Early 2023"]
[White "Mei, Austin"]
[Black "Putri, Regita Desyari"]
[WhiteFideId "30948479"]
[BlackFideId "7109083"]
[WhiteElo "2500"]
[BlackElo "2219"]
[Result "1-0"]
[Round "4"]
[TimeControl "180+2"]
[Date "2023.07.25"]
[WhiteClock "0:01:29"]
[BlackClock "0:00:03"]
[Board "136"]

1. e4 e5 2. f4 exf4 3. Nf3 d6 4. Bc4 h6 5. b3 Nf6 6. Nc3 g5 7. Bb2 Bg7 8. d4 O-O 9. Qe2 c6 10. O-O-O d5 11. Bd3 Re8 12. Ne5 Nbd7 13. exd5 cxd5 14. h4 Nxe5 15. dxe5 Bg4 16. Qf2 Rxe5 17. hxg5 hxg5 18. Ne2 Re7 19. Nxf4 gxf4 20. Qh4 d4 21. Ba3 Re6 22. Bh7+ Kh8 23. Bf5+ Kg8 24. Bxg4 Nxg4 25. Qh7# 1-0


[Site "https://www.chess.com"]

[Event "Titled Tuesday Blitz July 25 Early 2023"]
[White "Kayis, Gulcan Sena"]
[Black "Roberson, Peter T"]
[WhiteFideId "34553045"]
[BlackFideId "412384"]
[WhiteElo "2136"]
[BlackElo "2499"]
[Result "0-1"]
[Round "4"]
[TimeControl "180+2"]
[Date "2023.07.25"]
[WhiteClock "0:00:44"]
[BlackClock "0:00:16"]
[Board "137"]

1. e4 e6 2. d4 d5 3. e5 c5 4. c3 Nc6 5. Nf3 Nge7 6. Na3 Bd7 7. Nc2 Qa5 8. Bd2 Qb6 9. Bd3 c4 10. Be2 Qxb2 11. Rb1 Qxa2 12. Rxb7 Qa6 13. Qb1 Nc8 14. Rb2 Nb6 15. O-O Be7 16. Ne3 O-O 17. Ng4 Rab8 18. Ng5 Bxg5 19. Bxg5 Na4 20. Rxb8 Rxb8 21. Qc1 Rb3 22. Nf6+ Kh8 23. Nxd7 Nxc3 24. Bf3 Nxd4 25. Qd2 Nxf3+ 26. gxf3 d4 27. Kg2 d3 28. Nc5 Qa3 29. Nxb3 Qxb3 30. Qf4 Kg8 31. Qd4 h6 32. Bd2 Nd5 33. Qxa7 c3 34. Be3 d2 35. Qd4 Qc2 36. Kg1 Qg6+ 37. Kh1 Qh5 38. Bxd2 Qxf3+ 39. Kg1 cxd2 40. Qxd2 Nf4 41. Qd8+ Kh7 0-1


[Site "https://www.chess.com"]

[Event "Titled Tuesday Blitz July 25 Early 2023"]
[White "Balla, Tamas-Kristof"]
[Black "Harsh Suresh"]
[WhiteFideId "1208497"]
[BlackFideId "45018464"]
[WhiteElo "2414"]
[BlackElo "2833"]
[Result "0-1"]
[Round "4"]
[TimeControl "180+2"]
[Date "2023.07.25"]
[WhiteClock "0:00:09"]
[BlackClock "0:00:41"]
[Board "138"]

1. e4 g6 2. d4 Bg7 3. Nc3 a6 4. f4 b5 5. Nf3 Bb7 6. Bd3 d6 7. O-O Nd7 8. Ne2 Ngf6 9. Ng3 e5 10. fxe5 dxe5 11. dxe5 Nxe5 12. Nxe5 Qd4+ 13. Kh1 Qxe5 14. Bf4 Qe7 15. Bg5 Qe6 16. e5 Nd7 17. Be4 Bxe4 18. Nxe4 O-O 19. Nf6+ Bxf6 20. Bxf6 Nxe5 21. Qd4 Ng4 22. Rae1 Qc4 23. Qxc4 bxc4 24. Bc3 Rfe8 25. Rxe8+ Rxe8 26. h3 Ne3 27. Rf4 Rd8 28. Re4 Rd1+ 29. Kh2 Nf1+ 30. Kg1 Nd2+ 0-1


[Site "https://www.chess.com"]

[Event "Titled Tuesday Blitz July 25 Early 2023"]
[White "Prohaszka, Peter"]
[Black "Zacurdajev, Dmitry"]
[WhiteFideId "726265"]
[BlackFideId "4196309"]
[WhiteElo "2737"]
[BlackElo "2414"]
[Result "1-0"]
[Round "4"]
[TimeControl "180+2"]
[Date "2023.07.25"]
[WhiteClock "0:00:05"]
[BlackClock "0:00:04"]
[Board "139"]

1. d4 d5 2. Nf3 e6 3. Bf4 Nf6 4. e3 Bd6 5. Nbd2 O-O 6. Ne5 c5 7. c3 b6 8. Bd3 Ba6 9. Bc2 Qc7 10. h4 Nc6 11. Ndf3 h6 12. g4 Nd7 13. g5 Ncxe5 14. dxe5 Nxe5 15. gxh6 Nxf3+ 16. Qxf3 Bxf4 17. hxg7 Kxg7 18. exf4 Kf6 19. O-O-O Rh8 20. h5 Ke7 21. h6 b5 22. Rdg1 b4 23. Rg7 Qa5 24. f5 Qb5 25. fxe6 Kd6 26. Qxf7 Rad8 27. Qc7+ Kxe6 28. Re1+ Qe2 29. Rxe2+ Bxe2 30. Qe7# 1-0


[Site "https://www.chess.com"]

[Event "Titled Tuesday Blitz July 25 Early 2023"]
[White "Todev, Simeon"]
[Black "Seemann, Jakub"]
[WhiteFideId "2925133"]
[BlackFideId "21874697"]
[WhiteElo "2414"]
[BlackElo "2647"]
[Result "0-1"]
[Round "4"]
[TimeControl "180+2"]
[Date "2023.07.25"]
[WhiteClock "0:00:06"]
[BlackClock "0:01:40"]
[Board "140"]

1. e4 c6 2. d4 d5 3. exd5 cxd5 4. c4 Nf6 5. Nf3 Nc6 6. Nc3 a6 7. cxd5 Nxd5 8. Bc4 Be6 9. Qe2 Nxc3 10. bxc3 Bxc4 11. Qxc4 e6 12. O-O Be7 13. Re1 O-O 14. a4 Qd7 15. Ba3 Rfd8 16. Bxe7 Qxe7 17. Rab1 Rac8 18. Qd3 Na5 19. Ne5 Qa3 20. Qf3 f6 21. Ng4 Rxc3 22. Qe4 Qd6 23. Rbd1 f5 24. Qe5 Nc6 25. Qxd6 Rxd6 26. Ne3 Rxd4 27. Rb1 Rb4 28. Rbd1 Nd4 29. Kf1 Rxa4 30. Rd2 Kf7 31. Red1 e5 32. f4 exf4 33. Nd5 Rcc4 34. Nb6 Nb3 35. Rd7+ Kg6 36. R1d6+ Kh5 37. Nxa4 Rxa4 38. Rxb7 Ra1+ 39. Kf2 Nc5 40. Re7 Ne4+ 41. Rxe4 fxe4 42. Rd5+ g5 43. Rd7 Ra2+ 44. Kf1 h6 45. h3 e3 46. Rd6 Kh4 47. Rxh6+ Kg3 48. Rg6 Rf2+ 49. Ke1 Kxg2 50. Rxg5+ Kf3 51. Rg6 Ra2 52. Kd1 e2+ 53. Ke1 Ra1+ 0-1


[Site "https://www.chess.com"]

[Event "Titled Tuesday Blitz July 25 Early 2023"]
[White "i_like_explosions"]
[Black "Iskusnyh, Sergei"]
[BlackFideId "4120027"]
[WhiteElo "2413"]
[BlackElo "2625"]
[Result "0-1"]
[Round "4"]
[TimeControl "180+2"]
[Date "2023.07.25"]
[WhiteClock "0:00:01"]
[BlackClock "0:00:12"]
[Board "141"]

1. d4 d5 2. c4 c6 3. cxd5 cxd5 4. Nc3 Nf6 5. f3 Nc6 6. e4 e6 7. e5 Nd7 8. f4 Be7 9. Nf3 O-O 10. Be3 f5 11. h4 Nb6 12. Kf2 Nc4 13. Bxc4 dxc4 14. d5 exd5 15. Qxd5+ Kh8 16. Rad1 Qe8 17. Qxc4 Be6 18. Qb5 a6 19. Qb6 Rc8 20. Ng5 Bg8 21. Qxb7 Rb8 22. Qxa6 Rxb2+ 23. Rd2 Rb4 24. Rhd1 Bc4 25. Qa3 Qh5 26. g3 Bxg5 27. fxg5 Nxe5 28. Qxb4 Qf3+ 29. Kg1 Qxg3+ 30. Kh1 Qxh4+ 31. Kg2 Rg8 32. Bf2 Bf1+ 33. Kxf1 Qxb4 34. Nd5 Qc4+ 0-1


[Site "https://www.chess.com"]

[Event "Titled Tuesday Blitz July 25 Early 2023"]
[White "Ganiev, Roman"]
[Black "Rios Escobar, Adan"]
[WhiteFideId "4131452"]
[BlackFideId "3403645"]
[WhiteElo "2611"]
[BlackElo "2412"]
[Result "1-0"]
[Round "4"]
[TimeControl "180+2"]
[Date "2023.07.25"]
[WhiteClock "0:00:58"]
[BlackClock "0:00:25"]
[Board "142"]

1. e4 c5 2. Nf3 d6 3. d4 cxd4 4. Nxd4 Nf6 5. Nc3 a6 6. h3 e5 7. Nde2 h5 8. Bg5 Nbd7 9. g3 b5 10. Bg2 Bb7 11. a3 Rc8 12. O-O Qc7 13. Qd2 Be7 14. Rad1 O-O 15. g4 hxg4 16. hxg4 Rfd8 17. Ng3 g6 18. Qe2 Nf8 19. Qf3 N8h7 20. Be3 Qd7 21. g5 Ne8 22. Nge2 Rc4 23. Qg3 Bc6 24. Bf3 Qb7 25. Kg2 Ng7 26. Rh1 Nh5 27. Bxh5 gxh5 28. f3 Nf8 29. Rxh5 Ng6 30. Rdh1 d5 31. Qh3 1-0


[Site "https://www.chess.com"]